 Dungeon Crawl Stone Soup version 5.7-8-g3a8b389 (webtiles) character file.

27945 Jano the Bludgeoner (level 15, -1/122 HPs)
             Began as a Demonspawn Fighter on Aug 25, 2018.
             Was the Champion of Wu Jian.
             Killed from afar by an orb spider (27 damage)
             ... with an orb of electricity
             ... on level 2 of the Spider Nest.
             The game lasted 00:57:48 (20783 turns).

Jano the Bludgeoner (Demonspawn Fighter)           Turns: 20783, Time: 00:57:49

Health: -1/122     AC:  9 (37%)Str: 26  XL:     15   Next: 17%
Magic:  0/22       EV: 18    Int: 11    God:    Wu Jian [6*[186]]
Gold:   176        SH: 16    Dex: 15    Spells: 23/23 levels left

rFire    + . .     SeeInvis .   P - +0 morningstar
rCold    . . .     Faith    .   c - +0 shield
rNeg     . . .     Spirit   +   Q - quicksilver dragon scales
rPois    +         Reflect  +   X - +2 hat {MR+}
rElec    .                      r - +0 cloak {MR+}
rCorr    .                      (gloves unavailable)
MR       +++++                  O - +1 pair of boots
Stlth    ++........             V - amulet "Xuuzxe" {Reflect rPois MR+ Int+2 SH+3}
Regen    0.3/turn               B - ring of Nit Lyon {rF+ Str+5 Slay+3 Stlth+}
MPRegen  0.5/turn               y - +3 ring of evasion

@: no status effects
A: claws 3, iridescent scales 3, demonic guardian 1, magic shield, magic
regeneration, magic link
a: Wall Jump, Serpent's Lash, Heavenly Storm, Renounce Religion


You were on level 2 of the Spider Nest.
You worshipped Wu Jian.
Wu Jian was exalted by your worship.
You were not hungry.

You visited 4 branches of the dungeon, and saw 20 of its levels.
You visited the bazaar 3 times.
You also visited: Volcano.

You collected 1969 gold pieces.
You spent 1793 gold pieces at shops.

Inventory:

Hand Weapons
 P - a +0 morningstar (weapon)
Missiles
 u - 74 javelins (quivered)
 v - 23 curare darts
 F - 172 tomahawks
 L - 73 poisoned darts
Armour
 c - a +0 shield (worn)
 r - a +0 cloak of magic resistance (worn)
 A - the +1 robe "Peedaf" {rElec}
   (You found it on level 5 of the Dungeon)

   It insulates you from electricity.
 J - +0 fire dragon scales
 O - a +1 pair of boots (worn)
 Q - quicksilver dragon scales (worn)
 U - +0 ice dragon scales
 X - a +2 hat of magic resistance (worn)
Jewellery
 o - an uncursed ring of ice
 s - an uncursed ring of positive energy
 y - a +3 ring of evasion (right claw)
 B - the ring of Nit Lyon (left claw) {rF+ Str+5 Slay+3 Stlth+}
   (You found it on level 6 of the Dungeon)

   [ring of strength]

   It affects your strength (+5).
   It affects your accuracy and damage with ranged weapons and melee attacks
   (+3).
   It protects you from fire.
   It makes you more stealthy.
 E - an uncursed ring of protection from magic
 G - an uncursed ring of wizardry
 S - an uncursed ring of ice
 V - the amulet "Xuuzxe" (around neck) {Reflect rPois MR+ Int+2 SH+3}
   (You acquired it in a bazaar)

   [amulet of reflection]

   It shields you and reflects attacks.
   It affects your intelligence (+2).
   It protects you from poison.
   It affects your resistance to hostile enchantments.
   It affects your SH (+3).
Wands
 q - a wand of acid (3)
 x - a wand of lightning (10)
 C - a wand of paralysis (2)
 I - a wand of iceblast (16)
 N - a wand of flame (21)
 T - a wand of slimification (8)
Scrolls
 e - 5 scrolls of enchant armour
 f - 2 scrolls of fog
 g - 5 scrolls of enchant weapon
 h - 8 scrolls of blinking
 i - 6 scrolls of magic mapping
 j - 9 scrolls of teleportation
 m - 3 scrolls of fear
 K - a scroll of amnesia
 M - 2 scrolls of summoning
 W - a scroll of brand weapon
Potions
 a - 3 potions of augmentation
 k - 7 potions of berserk rage
 l - 5 potions of heal wounds
 n - 6 potions of mutation
 p - 4 potions of haste
 t - 2 potions of lignification
 z - 4 potions of ambrosia
 D - a potion of invisibility
 H - 3 potions of flight
 R - 5 potions of cancellation
Miscellaneous
 w - a lamp of fire


   Skills:
 + Level 12.4 Fighting
 - Level 16.0 Maces & Staves
 + Level 2.0 Throwing
 + Level 9.4 Armour
 + Level 7.1 Dodging
 * Level 10.4 Shields
 + Level 1.1 Evocations


You had 23 spell levels left.
You didn't know any spells.
Your spell library contained the following spells:

 Spells                   Type           Power        Failure   Level  Hunger
 Confuse                  Hex            0 (100)      95%         3    N/A
 Bolt of Draining         Necr           0 (200)      100%        5    N/A
 Animate Dead             Necr           0 (200)      100%        4    N/A
 Pain                     Necr           0 (25)       65%         1    N/A
 Control Undead           Necr           0 (200)      100%        4    N/A
 Vampiric Draining        Necr           0 (200)      95%         3    N/A
 Dispel Undead            Necr           0 (100)      100%        5    N/A
 Regeneration             Chrm/Necr      0 (200)      95%         3    N/A
 Sublimation of Blood     Necr           0 (200)      80%         2    N/A
 Agony                    Necr           0 (100)      100%        5    N/A
 Deflect Missiles         Chrm/Air       0 (200)      100%        6    N/A
 Airstrike                Air            0 (200)      100%        4    N/A
 Confusing Touch          Hex            0 (50)       65%         1    N/A
 Ignite Poison            Fire/Tmut      0 (100)      95%         3    N/A
 Metabolic Englaciation   Hex/Ice        0 (200)      100%        5    N/A
 Silence                  Hex/Air        0 (200)      100%        4    N/A
 Alistair's Intoxication  Tmut           0 (100)      100%        5    N/A
 Conjure Ball Lightning   Air            0 (200)      100%        7    N/A
 Excruciating Wounds      Chrm/Necr      0 (200)      100%        5    N/A
 Petrify                  Tmut/Erth      0 (100)      100%        4    N/A
 Tornado                  Air            0 (200)      100%        9    N/A
 Summon Lightning Spire   Summ/Air       0 (100)      100%        4    N/A
 Irradiate                Tmut           0 (200)      100%        5    N/A
 Yara's Violent Unravell  Hex/Tmut       0 (200)      100%        5    N/A

Dungeon Overview and Level Annotations

Branches:
Dungeon (15/15)            Spider (2/3) Orc:2         Slime (0/3) Orc:2
    Orc (2/2) D:15         Vaults (0/3) D:15         Depths (0/3) D:15
 Bazaar (1/1)
  Swamp: Orc:2       Shoals: Orc:2

Altars:
Cheibriados
Dithmenos
Elyvilon
Gozag
Jiyva
Kikubaaqudgha
Lugonu
Makhleb
Nemelex Xobeh
Okawaru
Qazlal
Ru
Sif Muna
Trog
Uskayaw
Vehumet
Wu Jian
Xom
Yredelemnul
Zin
The Shining One

Shops:
Bazaar ([(?[*

Annotations:
D:13 Erolcha


Innate Abilities, Weirdness & Mutations

You have claws for hands.
You are completely covered in iridescent scales. (AC +6)
A weak demonic guardian rushes to your aid.
When hurt, damage is shared between your health and your magic reserves.
You regenerate magic rapidly.
When low on magic, you restore magic in place of health.


Message History

An orb spider comes into view.
The orb spider hisses angrily.
The orb spider weaves an orb of electrical energy!
The orb of electricity explodes!
The orb of electricity engulfs you!
That hurt (20)!
* * * LOW HITPOINT WARNING * * *
You hear a hideous shriek!
You feel much better.
The orb spider weaves an orb of electrical energy!
The orb of electricity explodes!
The orb of electricity engulfs you!
That hurt (16)!
* * * LOW HITPOINT WARNING * * *
You hear an angry hiss. x2
The orb spider gestures at you. The bolt of lightning misses you.
Found 7 gold pieces.
The orb spider weaves an orb of electrical energy!
The orb of electricity explodes!
The orb of electricity engulfs you!
That hurt (34)!
You die...

#... #.... ### #
..... #.##.#
.....# ##.^#^#
...... #.....#
......## #.....##
..$..5.####......#
#..@#........#
#.##s.......#..
#.#^........# #
#...........#
#..##......##
#.####.....# #..
#####.# !s. #..
>... ..


You could see an orb spider and a friendly ufetubus.

Vanquished Creatures
  An orc warlord (Orc:2)
  2 emperor scorpions
  A fire dragon (D:15)
  3 hydras
  An ice dragon (D:15)
  3 centaur warriors
  2 dancing weapons (D:15)
  10 two-headed ogres
  2 ogre magi (D:15)
  5 orc high priests
  A deep elf knight (Volcano)
  5 skeletal warriors (D:15)
  A wizard (D:15)
  Pikel (D:9)
  7 orc knights
  10 deep elf magi
  6 orc sorcerers
  3 manticores
  11 ugly things
  A hornet (Spider:1)
  2 cyclopes
  4 wolf spiders (Spider:1)
  2 black mambas
  3 orb spiders (Spider:1)
  A molten gargoyle (shapeshifter) (D:13)
  A molten gargoyle (Volcano)
  Psyche (D:9)
  3 gargoyles
  A torpor snail (D:12)
  2 spiny frogs
  2 rime drakes
  2 efreet
  10 trolls
  12 jumping spiders (Spider:1)
  3 meliai (D:13)
  25 blink frogs
  14 slime creatures
  5 redbacks (Spider:1)
  7 tarantellas
  A vampire (D:15)
  A wraith (D:14)
  2 shadows
  3 wyverns
  A fire bat (Volcano)
  An angry ghost (shapeshifter) (D:15)
  A steam dragon (D:11)
  An angry ghost (D:11)
  7 yaks
  A spiny frog zombie (D:10)
  2 wargs (Orc:2)
  2 acid dragons
  2 water moccasins
  43 orc warriors
  An ice beast (D:15)
  A spiny frog skeleton (D:8)
  2 slaves (D:9)
  A black bear (D:7)
  A phantom (D:10)
  2 wasps
  9 ogres
  A blink frog zombie (D:13)
  8 centaurs
  A blink frog skeleton (D:14)
  2 bullfrogs
  A wyvern zombie (D:14)
  2 wyvern skeletons
  2 scorpions
  3 crimson imps
  19 killer bees
  8 wights
  2 electric eels (D:9)
  A howler monkey (D:7)
  4 centaur zombies
  2 lava snakes (Volcano)
  6 jellies
  22 orc wizards
  2 hounds
  21 orc priests
  7 centaur skeletons
  6 worker ants
  A killer bee zombie (D:6)
  2 iguanas
  3 gnolls (D:3)
  10 adders
  2 shadow imps (D:9)
  2 oozes
  6 dart slugs
  65 orcs
  3 quokkas
  A ball python (D:1)
  3 giant cockroaches
  8 goblins
  16 hobgoblins
  2 jackals (D:2)
  5 kobolds
  4 bats
  5 frilled lizards
  A quokka zombie (D:5)
  4 rats
524 creatures vanquished.

Vanquished Creatures (collateral kills)
  A wolf spider (Spider:1)
  A molten gargoyle (Volcano)
  A centaur skeleton (D:11)
  A blink frog (D:11)
  A slime creature (D:14)
  A tarantella (Spider:2)
  Duvessa (D:5)
  An ice beast (D:5)
  An orc warrior (Orc:1)
  2 ogres
  Dowan (D:5)
  A hound (D:5)
  3 orc wizards
  9 orcs
25 creatures vanquished.

Vanquished Creatures (others)
  A tarantella (Spider:2)
  2 fungi (D:15)
  A plant (D:15)
4 creatures vanquished.

Grand Total: 553 creatures vanquished

Notes
Turn   | Place    | Note
-------+----------+-------------------------------------------
     0 | D:1      | Jano the Demonspawn Fighter began the quest for the Orb.
     0 | D:1      | Reached XP level 1. HP: 18/18 MP: 2/2
    74 | D:1      | Reached skill level 2 in Maces & Staves
   110 | D:1      | Gained mutation: You have sharp fingernails. [demonic ancestry]
   110 | D:1      | Reached XP level 2. HP: 18/24 MP: 3/3
   443 | D:1      | Gained mutation: You regenerate magic rapidly. [demonic ancestry]
   443 | D:1      | Reached XP level 3. HP: 27/29 MP: 5/5
   995 | D:2      | Reached XP level 4. HP: 29/37 MP: 6/6
  1314 | D:2      | Found an ornate altar of the Wu Jian Council.
  1485 | D:2      | Became a worshipper of the Wu Jian Council
  1861 | D:2      | Found a glowing silver altar of Zin.
  1861 | D:2      | Noticed an angel
  2469 | D:3      | Reached skill level 3 in Maces & Staves
  2469 | D:3      | Gained mutation: When hurt, damage is shared between your health and your magic reserves. [demonic ancestry]
  2469 | D:3      | Reached XP level 5. HP: 22/42 MP: 7/7
  3144 | D:3      | Found a faded altar of an unknown god.
  3343 | D:3      | Found an opulent altar of Gozag.
  3347 | D:3      | Found an ancient bone altar of Kikubaaqudgha.
  3378 | D:3      | Found a stormy altar of Qazlal.
  3816 | D:4      | Gained mutation: You are partially covered in iridescent scales. (AC +2) [demonic ancestry]
  3816 | D:4      | Reached XP level 6. HP: 46/48 MP: 9/9
  3874 | D:4      | Reached skill level 1 in Dodging
  4088 | D:4      | Found a sacrificial altar of Ru.
  4088 | D:4      | Found a white marble altar of Elyvilon.
  4088 | D:4      | Found a corrupted altar of Lugonu.
  4089 | D:4      | Found a snail-covered altar of Cheibriados.
  4092 | D:4      | Found a sparkling altar of Nemelex Xobeh.
  4096 | D:4      | Found a shimmering altar of Xom.
  4117 | D:4      | Found a glowing golden altar of the Shining One.
  4463 | D:4      | Reached skill level 4 in Maces & Staves
  4828 | D:5      | Entered Level 5 of the Dungeon
  4828 | D:5      | Found a bloodstained altar of Trog.
  4860 | D:5      | Reached * piety under Wu Jian
  4869 | D:5      | Gained mutation: A weak demonic guardian rushes to your aid. [demonic ancestry]
  4869 | D:5      | Reached XP level 7. HP: 11/54 MP: 7/11
  5195 | D:5      | Noticed Duvessa
  5196 | D:5      | Noticed Dowan
  5202 | D:5      | Killed Dowan
  5210 | D:5      | Killed Duvessa
  5210 | D:5      | Reached skill level 5 in Maces & Staves
  5313 | D:5      | Found a hide-covered altar of Uskayaw.
  5499 | D:5      | Gained mutation: You are mostly covered in iridescent scales. (AC +4) [demonic ancestry]
  5499 | D:5      | Reached XP level 8. HP: 57/61 MP: 9/11
  5624 | D:5      | Got the +1 robe "Peedaf" {rElec}
  5783 | D:6      | Got the ring of Nit Lyon {rF+ Str+5 Slay+3 Stlth+}
  5990 | D:6      | Reached ** piety under Wu Jian
  6010 | D:6      | Found an iron altar of Okawaru.
  6041 | D:6      | Reached skill level 5 in Fighting
  6041 | D:6      | Reached skill level 6 in Maces & Staves
  6041 | D:6      | Reached skill level 5 in Armour
  6341 | D:7      | Found a deep blue altar of Sif Muna.
  6403 | D:7      | Found a radiant altar of Vehumet.
  6410 | D:7      | Reached skill level 5 in Shields
  6416 | D:7      | Found a burning altar of Makhleb.
  6418 | D:7      | Found a basalt altar of Yredelemnul.
  6540 | D:7      | Noticed a gargoyle
  6567 | D:7      | Killed a gargoyle
  6567 | D:7      | Reached skill level 7 in Maces & Staves
  6567 | D:7      | Gained mutation: You have very sharp fingernails. [demonic ancestry]
  6567 | D:7      | Reached XP level 9. HP: 52/68 MP: 11/13
  6646 | D:7      | Found a shadowy altar of Dithmenos.
  6852 | D:7      | Found a viscous altar of Jiyva.
  7006 | D:8      | Reached skill level 8 in Maces & Staves
  7825 | D:9      | Noticed Pikel
  7828 | D:9      | Reached skill level 1 in Throwing
  7852 | D:9      | Killed Pikel
  7852 | D:9      | Reached skill level 9 in Maces & Staves
  7852 | D:9      | Gained mutation: You are completely covered in iridescent scales. (AC +6) [demonic ancestry]
  7852 | D:9      | Reached XP level 10. HP: 65/77 MP: 12/14
  8147 | D:9      | Noticed Psyche
  8156 | D:9      | Killed Psyche
  8458 | D:9      | Got the +6 chain mail "Libud" {+Fly Str-3 Int+3}
  8569 | D:9      | Reached *** piety under Wu Jian
  8731 | D:9      | Noticed a spiny frog
  8736 | D:9      | Killed a spiny frog
  8795 | D:10     | Entered Level 10 of the Dungeon
  8829 | D:10     | Reached skill level 10 in Maces & Staves
  9964 | D:11     | Found a dark tunnel.
  9977 | D:11     | Reached XP level 11. HP: 81/84 MP: 16/16
 10016 | Volcano  | Entered a volcano
 10395 | Volcano  | Found a radiant altar of Vehumet.
 10395 | Volcano  | Noticed a deep elf knight
 10395 | Volcano  | Noticed a deep elf mage
 10395 | Volcano  | Noticed a deep elf mage
 10395 | Volcano  | Noticed a deep elf mage
 10400 | Volcano  | Noticed a sun demon
 10408 | Volcano  | Killed a deep elf knight
 10420 | Volcano  | Killed a deep elf mage
 10433 | Volcano  | Killed a deep elf mage
 10435 | Volcano  | Killed a deep elf mage
 10435 | Volcano  | Reached **** piety under Wu Jian
 10435 | Volcano  | Reached skill level 11 in Maces & Staves
 10442 | Volcano  | Noticed a deep elf mage
 10445 | Volcano  | Killed a deep elf mage
 10449 | Volcano  | Noticed a deep elf mage
 10460 | Volcano  | Killed a deep elf mage
 10909 | D:11     | Noticed an eight-headed hydra
 10918 | D:11     | Killed an eight-headed hydra
 10957 | D:11     | Found a gateway to a bazaar.
 11016 | D:11     | Noticed a purple ugly thing
 11018 | D:11     | Noticed a deep elf mage
 11021 | D:11     | Killed a purple ugly thing
 11048 | D:11     | Killed a deep elf mage
 11048 | D:11     | Reached skill level 12 in Maces & Staves
 11264 | D:11     | Reached XP level 12. HP: 87/94 MP: 15/17
 11437 | Bazaar   | Entered a bazaar
 11437 | Bazaar   | Found Raec's Antique Armour Shop.
 11460 | Bazaar   | Found Zoqes's Armour Boutique.
 11461 | Bazaar   | Found Ecane's General Store.
 11481 | Bazaar   | Found Aloedag's Antique Weapon Shop.
 11504 | Bazaar   | Bought a +0 cloak of magic resistance for 391 gold pieces
 11718 | D:12     | Found a gateway to a bazaar.
 11912 | D:12     | Found a glowing golden altar of the Shining One.
 12305 | D:13     | Noticed Erolcha
 12422 | D:13     | Noticed a two-headed ogre
 12575 | D:13     | Killed a two-headed ogre
 12575 | D:13     | Reached ***** piety under Wu Jian
 12595 | D:13     | Reached skill level 13 in Maces & Staves
 12654 | D:13     | Noticed a centaur warrior
 12657 | D:13     | Killed a centaur warrior
 12690 | D:13     | Noticed a two-headed ogre
 12694 | D:13     | Killed a two-headed ogre
 12694 | D:13     | Reached skill level 5 in Dodging
 13469 | D:14     | Reached XP level 13. HP: 103/103 MP: 18/18
 13485 | D:14     | Reached skill level 10 in Fighting
 13855 | D:14     | Reached skill level 14 in Maces & Staves
 14448 | D:15     | Entered Level 15 of the Dungeon
 14485 | D:15     | Found a gate to the Vaults.
 15307 | D:15     | Reached skill level 1 in Evocations
 15344 | D:15     | Found a staircase to the Orcish Mines.
 15613 | D:15     | Gained mutation: When low on magic, you restore magic in place of health. [demonic ancestry]
 15613 | D:15     | Reached XP level 14. HP: 79/113 MP: 16/19
 15685 | D:15     | Reached skill level 15 in Maces & Staves
 15898 | D:15     | Found a stormy altar of Qazlal.
 16035 | D:15     | Found a staircase to the Depths.
 16374 | Orc:1    | Entered Level 1 of the Orcish Mines
 16380 | Orc:1    | Reached ****** piety under Wu Jian
 16760 | Orc:1    | Found a bloodstained altar of Trog.
 17191 | Orc:2    | Entered Level 2 of the Orcish Mines
 17693 | Orc:2    | Noticed an orc warlord
 17769 | Orc:2    | Found a hole to the Spider Nest.
 17775 | Orc:2    | Killed an orc warlord
 18225 | Orc:2    | Found a staircase to the Slime Pits.
 18851 | Orc:2    | Found a gateway to a bazaar.
 18981 | Bazaar   | Bought a scroll of acquirement for 884 gold pieces
 18981 | Bazaar   | Bought a scroll of brand weapon for 340 gold pieces
 18981 | Bazaar   | Bought a scroll of blinking for 127 gold pieces
 18981 | Bazaar   | Bought a scroll of teleportation for 51 gold pieces
 18985 | Bazaar   | Got the amulet "Xuuzxe" {Reflect rPois MR+ Int+2 SH+3}
 19089 | Spider:1 | Entered Level 1 of the Spider Nest
 19144 | Spider:1 | Reached skill level 16 in Maces & Staves
 19438 | Spider:1 | Noticed an emperor scorpion
 19453 | Spider:1 | Killed an emperor scorpion
 19772 | Spider:1 | Gained mutation: You have claws for hands. [demonic ancestry]
 19772 | Spider:1 | Reached XP level 15. HP: 121/121 MP: 22/22
 19780 | Spider:1 | Reached skill level 10 in Shields
 20783 | Spider:2 | Killed from afar by an orb spider

Skill      XL: |  1  2  3  4  5  6  7  8  9 10 11 12 13 14 15 |
---------------+----------------------------------------------+-----
Maces & Staves | 2 3 4 5 7 9 10 12 13 14 16 | 16.0
Armour         | 3 4 5 6 8 9 |  9.4
Shields        | 3 4 5 6 7 8 9 10 | 10.4
Fighting       | 4 5 6 7 8 9 11 12 | 12.4
Dodging        | 1 2 3 4 5 6 7 |  7.1
Throwing       | 1 2 |  2.0
Evocations     | 1 |  1.1

Action                   |  1- 3 |  4- 6 |  7- 9 | 10-12 | 13-15 || total
-------------------------+-------+-------+-------+-------+-------++-------
Melee: Flail             |   146 |   261 |   242 |   228 |       ||   877
       Morningstar       |       |       |       |   212 |   727 ||   939
Throw: Javelin           |       |       |     5 |    19 |     5 ||    29
Invok: Lunge             |       |     7 |    13 |    31 |    67 ||   118
       Whirlwind         |       |     1 |    22 |    39 |    75 ||   137
       Wall Jump         |       |       |     6 |     5 |     9 ||    20
       Serpent's Lash    |       |       |       |     1 |       ||     1
Evoke: Wand              |       |       |       |     4 |     3 ||     7
  Use: Potion            |       |     2 |       |     1 |     2 ||     5
       Scroll            |       |       |       |       |     1 ||     1
 Stab: Distracted        |       |       |     2 |     6 |     8 ||    16
       Sleeping          |       |       |       |     5 |       ||     5
Armor: Scale mail        |    92 |   125 |    72 |     7 |       ||   296
       Chain mail        |       |       |       |    67 |       ||    67
       Quicksilver drago |       |       |       |    33 |    87 ||   120
       Fire dragon scale |       |       |       |     9 |       ||     9
Dodge: Dodged            |    51 |    97 |    97 |   152 |   242 ||   639
Block: Shield            |    84 |   121 |   114 |   192 |   299 ||   810
